General information
- name: BNet
- type: Ladder team game (AT/RT)
- host: Battle.net
- saver: tIMG4strok
map: TurtleRock
- players: 4
- length: 17:43
- speed: Fast
- version: 1.21 W3XP
- replay type:

» download(109 KB)
Players
team 1 (winner)

»
iggy_the_fisk (
red | 126 APM | 2227 actions | 17:42)
6 Death Knight
3 Death Coil
2 Unholy Aura
1 Animate Dead
4 Lich
2 Frost Nova
2 Frost Armor
» actions
| Assign group hotkey | 224 | |
| Basic commands | 39 | |
| Build / train | 64 | |
| Enter build submenu | 16 | |
| Enter hero's abilities submenu | 10 | |
| Give item / drop item | 1 | |
| Remove unit from queue | 2 | |
| Right click | 1003 | |
| Select / deselect | 294 | |
| Select group hotkey | 461 | |
| Use ability | 113 | |
2227 total
» units
| Acolyte | 3 | |
| Ghoul | 4 | |
| Crypt Fiend | 28 | |
| Obsidian Statue | 5 | |
40 total
» upgrades
| Creature Attack | 2 | |
| Burrow | 1 | |
| Web | 1 | |
| Exhume Corpses | 0 | |
| Destroyer Form | 1 | |
5 total
» buildings
| Crypt | 1 | |
| Graveyard | 1 | |
| Altar of Darkness | 1 | |
| Ziggurat | 6 | |
| Tomb of Relics | 1 | |
| Halls of the Dead | 1 | |
| Slaughterhouse | 1 | |
| Black Citadel | 1 | |
| Necropolis | 1 | |
14 total
» build order
00:06 Crypt
00:17 Graveyard
00:40 Altar of Darkness
00:57 Ziggurat
01:23 Tomb of Relics
02:00 Ziggurat
03:33 Ziggurat
04:34 Halls of the Dead
06:27 Ziggurat
07:59 Slaughterhouse
11:14 Black Citadel
11:56 Ziggurat
13:05 Ziggurat
17:37 Necropolis
» items
| Rod of Necromancy | 2 | |
| Scroll of Town Portal | 1 | |
3 total

»
tIMG4strok (
orange | 211 APM | 3742 actions | 17:43)
5 Blademaster
2 Wind Walk
3 Critical Strike
4 Shadow Hunter
2 Hex
2 Healing Wave
» actions
| Assign group hotkey | 28 | |
| Basic commands | 41 | |
| Build / train | 60 | |
| ESC pressed | 1 | |
| Enter build submenu | 14 | |
| Enter hero's abilities submenu | 9 | |
| Give item / drop item | 6 | |
| Right click | 1649 | |
| Select / deselect | 153 | |
| Select group hotkey | 1667 | |
| Use ability | 114 | |
3742 total
» units
| Peon | 7 | |
| Grunt | 6 | |
| Raider | 10 | |
| Spirit Walker | 2 | |
| Demolisher | 3 | |
28 total
» upgrades
| Berserker Strength | 1 | |
| Ensnare | 1 | |
| Pillage | 1 | |
| Spirit Walker Training | 1 | |
| Burning Oil | 1 | |
5 total
» buildings
| Altar of Storms | 1 | |
| Orc Burrow | 7 | |
| Barracks | 1 | |
| Stronghold | 1 | |
| Voodoo Lounge | 1 | |
| Beastiary | 1 | |
| Spirit Lodge | 1 | |
| War Mill | 1 | |
| Fortress | 1 | |
15 total
» build order
00:07 Altar of Storms
00:15 Orc Burrow
00:41 Barracks
01:29 Orc Burrow
02:55 Stronghold
03:11 Voodoo Lounge
03:23 Orc Burrow
03:25 Orc Burrow
05:19 Beastiary
05:24 Orc Burrow
07:16 Spirit Lodge
09:41 Orc Burrow
09:49 War Mill
11:14 Fortress
13:05 Orc Burrow
» items
| Healing Salve | 4 | |
| Lesser Clarity Potion | 3 | |
| Scroll of Speed | 1 | |
| Scroll of Healing | 2 | |
| Scroll of Protection | 2 | |
| Circlet of Nobility | 1 | |
| Boots of Speed | 1 | |
14 total
team 2 (loser)
CoOoOoLey (
green | 83 APM | 1369 actions | 16:31)
3 Death Knight
2 Death Coil
1 Unholy Aura
2 Lich
1 Frost Nova
1 Dark Ritual
» actions
| Assign group hotkey | 23 | |
| Basic commands | 93 | |
| Build / train | 47 | |
| Enter build submenu | 12 | |
| Enter hero's abilities submenu | 5 | |
| Give item / drop item | 2 | |
| Right click | 492 | |
| Select / deselect | 211 | |
| Select group hotkey | 425 | |
| Use ability | 59 | |
1369 total
» units
| Acolyte | 2 | |
| Ghoul | 2 | |
| Crypt Fiend | 14 | |
| Obsidian Statue | 5 | |
23 total
» upgrades
| Creature Attack | 3 | |
| Burrow | 1 | |
| Destroyer Form | 1 | |
5 total
» buildings
| Graveyard | 1 | |
| Crypt | 1 | |
| Altar of Darkness | 1 | |
| Ziggurat | 6 | |
| Tomb of Relics | 1 | |
| Halls of the Dead | 1 | |
| Nerubian Tower | 1 | |
| Slaughterhouse | 1 | |
| Black Citadel | 1 | |
14 total
» build order
00:05 Graveyard
00:09 Crypt
00:42 Altar of Darkness
01:01 Ziggurat
01:15 Tomb of Relics
01:43 Ziggurat
04:00 Ziggurat
04:42 Halls of the Dead
04:45 Nerubian Tower
05:44 Ziggurat
07:32 Slaughterhouse
10:00 Black Citadel
11:51 Ziggurat
11:54 Ziggurat
» items
| Rod of Necromancy | 1 | |
| Dust of Appearance | 3 | |
| Boots of Speed | 1 | |
| Potion of Healing | 3 | |
| Scroll of Town Portal | 1 | |
9 total
cRaFtY (
blue | 52 APM | 926 actions | 17:42)
3 Archmage
2 Summon Water Elemental
1 Brilliance Aura
2 Mountain King
1 Storm Bolt
1 Bash
» actions
| Assign group hotkey | 70 | |
| Basic commands | 48 | |
| Build / train | 58 | |
| ESC pressed | 2 | |
| Enter build submenu | 19 | |
| Enter hero's abilities submenu | 5 | |
| Right click | 269 | |
| Select / deselect | 254 | |
| Select group hotkey | 147 | |
| Use ability | 54 | |
926 total
» units
| Peasant | 7 | |
| Footman | 15 | |
| Priest | 2 | |
| Sorceress | 4 | |
| Rifleman | 6 | |
| Mortar Team | 6 | |
40 total
» upgrades
| Defend | 1 | |
| Gunpowder | 2 | |
| Sorceress Training | 1 | |
4 total
» buildings
| Altar of Kings | 2 | |
| Barracks | 1 | |
| Farm | 10 | |
| Scout Tower | 1 | |
| Arcane Tower | 3 | |
| Lumber Mill | 1 | |
| Keep | 1 | |
| Arcane Sanctum | 1 | |
| Blacksmith | 1 | |
| Workshop | 1 | |
22 total
» build order
00:04 Altar of Kings
00:06 Altar of Kings
00:12 Barracks
00:23 Farm
00:39 Farm
01:33 Scout Tower
01:56 Farm
01:59 Farm
02:03 Arcane Tower
02:03 Arcane Tower
02:04 Arcane Tower
02:55 Lumber Mill
03:11 Keep
04:06 Farm
05:27 Farm
05:42 Arcane Sanctum
06:26 Blacksmith
07:48 Workshop
08:48 Farm
09:41 Farm
11:32 Farm
11:33 Farm
Chat log
(14:44 / All) cRaFtY: gg
(17:06 / All) iggy_the_fisk: turns out not even undead can stand against the imbalance of undead in team games